 Dungeon Crawl Stone Soup version 0.31.0-12-g77e489cdc1 (webtiles) character file.

Game seed: 1915077476768121035

3160 spaghetti the Cruncher (level 9, -3/63 HPs)
             Began as a Human Chaos Knight on Feb 18, 2024.
             Was a Plaything of Xom.
             Slain by a yak (6 damage)
             ... on level 9 of the Dungeon.
             The game lasted 00:12:58 (7077 turns).

spaghetti the Cruncher (Human Chaos Knight)         Turns: 7077, Time: 00:12:59

Health: -3/63      AC:  6    Str: 14    XL:     9   Next: 94%
Magic:  18/18      EV: 11    Int: 19    God:    Xom [*.....]
Gold:   2388       SH:  0    Dex: 15    Spells: 8/8 levels left

rFire   . . .        d - +1 lajatang
rCold   . . .        (shield currently unavailable)
rNeg    . . .        b - +2 leather armour
rPois   .            p - +0 helmet
rElec   .            (no cloak)
rCorr   .            (no gloves)
SInv    .            (no boots)
Will    .....        e - amulet of regeneration
Stlth   ++++         c - +6 ring of intelligence
HPRegen 1.10/turn    i - ring of magical power
MPRegen 0.16/turn

%: no passive effects
@: mighty, hasted, very quick
A: explore regen, wild magic 1, evolution 1
a: Renounce Religion


You were on level 9 of the Dungeon.
You worshipped Xom.
You were a special plaything of Xom.
You visited 1 branch of the dungeon, and saw 10 of its levels.

You collected 2388 gold pieces.

Inventory:

Hand Weapons
 a - a +1 falchion of chaos
 d - a +1 lajatang (weapon)
Armour
 b - a +2 leather armour (worn)
 l - a +0 hat
 p - a +0 helmet (worn)
Jewellery
 c - a +6 ring of intelligence (left hand)
 e - an amulet of regeneration (around neck)
 i - a ring of magical power (right hand)
Wands
 s - a wand of polymorph (5)
 w - a wand of digging (3)
Scrolls
 j - a scroll of amnesia
 k - 4 scrolls of fog
 m - a scroll of teleportation
 q - a scroll of silence
 u - 2 scrolls of identify
Potions
 g - a potion of curing
 h - a potion of attraction
 r - a potion of enlightenment
 t - 2 potions of might
 v - a potion of brilliance


   Skills:
 - Level 3.0 Fighting
 - Level 3.0 Long Blades
 + Level 10.5 Staves
 - Level 2.0 Armour
 - Level 1.0 Dodging
 - Level 9.2 Stealth


You had 8 spell levels left.
You didn't know any spells.
Your spell library contained the following spells:

 Spells                   Type           Power      Damage    Failure   Level
 Apportation              Tloc           0%         N/A       34%         1
 Necrotise                Necr           0%         1d4       34%         1
 Sting                    Conj/Alch      0%         1d3       34%         1
 Summon Small Mammal      Summ           0%         N/A       34%         1
 Sublimation of Blood     Necr           0%         N/A       45%         2
 Call Canine Familiar     Summ           0%         N/A       67%         3
 Dazzling Flash           Conj/Hex       0%         N/A       67%         3
 Gell's Gravitas          Tloc           0%         N/A       67%         3
 Mephitic Cloud           Conj/Alch/Air  0%         N/A       67%         3
 Sigil of Binding         Hex            0%         N/A       67%         3
 Teleport Other           Tloc           0%         N/A       67%         3
 Tukima's Dance           Hex            0%         N/A       67%         3
 Dimensional Bullseye     Hex/Tloc       0%         N/A       96%         4
 Passage of Golubria      Tloc           0%         N/A       96%         4
 Petrify                  Alch/Erth      0%         N/A       96%         4
 Summon Blazeheart Golem  Fire/Summ      0%         N/A       96%         4
 Curse of Agony           Necr           0%         N/A       100%        5
 Irradiate                Conj/Alch      0%         3d11      100%        5
 Silence                  Hex/Air        0%         N/A       100%        5
 Yara's Violent Unravell  Hex/Alch       0%         3d3       100%        5
 Dispersal                Tloc           0%         N/A       100%        6


Dungeon Overview and Level Annotations

Branches:
Dungeon (10/15)            Temple (0/1) D:5
   Lair: D:8-11         Orc: D:9-12

Altars:
Dithmenos
Fedhas
Hepliaklqana
Nemelex Xobeh
Trog
Uskayaw
Xom

Shops:
D:5 **   D:6 [

Annotations:
D:5 1 runed translucent door, hawla's ghost, novice MiFi
D:9 exclusions: 3 doors and 4 more exclusions


Innate Abilities, Weirdness & Mutations

You regain HP and MP as you explore.
Your spells are a little harder to cast, but a little more powerful.
You have hidden genetic potential.


Message History

The yak blinks!
The yak barely misses you.
You barely miss the yak.
The yak is heavily wounded.
The yak barely misses you.
You closely miss the yak.
The yak is heavily wounded.
The yak gores you!
You hit the yak but do no damage.
The yak is heavily wounded.
The yak gores you but does no damage.
You hit the yak but do no damage.
The yak is heavily wounded.
The yak gores you.
You closely miss the yak.
The yak is heavily wounded.
The yak gores you!
* * * LOW HITPOINT WARNING * * *
You slash the yak!
The yak is severely wounded.
You hit the yak.
The yak is almost dead.
The yak barely misses you.
Okay, then.
You feel very mighty all of a sudden. The yak gores you.
* * * LOW HITPOINT WARNING * * *
You slice the yak!!
You kill the yak!
You slash the yak!
The yak is heavily wounded.
The yak gores you but does no damage.
You closely miss the yak.
The yak is moderately wounded.
The yak gores you!
* * * LOW HITPOINT WARNING * * *
Okay, then.
Okay, then.
You feel yourself speed up. The yak gores you.
You die...
Xom guffaws!

..........# ####.#
..........# ####....#
..........# #######.......#
..........# #.............#
####......####.............#
...#.......................#
...#......##+###.#####.....#
...#......#....'.# #.....#
...#......#....#@# #..####
##'#..>...#....#Y# #..#
.......†..######Y# #..#
.................#####..#
........................#
####....................# #
#############........# #
#........# #........#


You could see 2 yaks.

Vanquished Creatures
  A yak (D:9)
  A steam dragon (D:7)
  A water moccasin (D:7)
  An ice beast (D:7)
  An orc warrior (D:9)
  2 black bears
  5 ogres
  2 centaurs
  4 kobold brigands
  A bullfrog (D:7)
  A scorpion (D:5)
  A gnoll sergeant (D:8)
  5 killer bees
  2 howler monkeys (D:7)
  3 orc priests
  2 bombardier beetles
  7 hounds
  2 sleepcaps (D:5)
  8 iguanas
  2 orc wizards (D:8)
  18 gnolls
  10 adders
  2 shadow imps
  2 white imps
  2 ufetubi
  2 dart slugs
  2 ribbon worms
  15 orcs
  3 bats
  3 endoplasms
  8 giant cockroaches
  7 goblins
  6 hobgoblins
  10 jackals
  21 kobolds
  3 quokkas
  6 ball pythons
  4 frilled lizards
  7 rats
183 creatures vanquished.

Vanquished Creatures (others)
  3 kobolds (D:9)
3 creatures vanquished.

Grand Total: 186 creatures vanquished

Notes
Turn   | Place    | Note
-------+----------+-------------------------------------------
     0 | D:1      | spaghetti the Human Chaos Knight began the quest for the
                  | Orb.
     0 | D:1      | Reached XP level 1. HP: 18/18 MP: 1/1
    53 | D:1      | Reached skill level 1 in Stealth
    88 | D:1      | Found a faded altar of an unknown god.
   141 | D:1      | Reached XP level 2. HP: 24/24 MP: 2/2
   533 | D:1      | Reached XP level 3. HP: 25/29 MP: 3/3
   908 | D:2      | XOM: enchant monster (good)
   918 | D:2      | Reached XP level 4. HP: 32/35 MP: 4/4
  1123 | D:2      | XOM: torment (19/35 hp)
  1177 | D:2      | Identified a scroll of acquirement
  1178 | D:2      | Acquired 989 gold pieces
  1451 | D:2      | XOM: noise
  1668 | D:3      | Reached skill level 5 in Stealth
  1668 | D:3      | Reached XP level 5. HP: 34/41 MP: 5/5
  1676 | D:3      | You fall into a shaft and drop 1 floor!
  1784 | D:3      | XOM: silly message
  2078 | D:3      | Reached XP level 6. HP: 44/47 MP: 6/6
  2611 | D:4      | XOM: 1-stop teleportation journey
  2687 | D:4      | XOM: give mutations
  2687 | D:4      | Gained mutation: You are resistant to electric shocks.
                  | (rElec) [Xom's grace]
  2687 | D:4      | Gained mutation: You are agile. (Dex +4, Str/Int -1) [Xom's
                  | grace]
  2687 | D:4      | Gained mutation: You are somewhat resistant to further
                  | mutation. [Xom's grace]
  2687 | D:4      | Gained mutation: Your system is resistant to poisons.
                  | (rPois) [Xom's grace]
  2843 | D:5      | Entered Level 5 of the Dungeon
  2860 | D:5      | XOM: cloud trail
  2869 | D:5      | Found Lyth's General Store.
  2873 | D:5      | Found Alasadut's Specific Store.
  2898 | D:5      | Noticed a black bear
  2901 | D:5      | XOM: swap monsters
  2902 | D:5      | XOM: silly message
  2903 | D:5      | Killed a black bear
  2904 | D:5      | Reached XP level 7. HP: 46/52 MP: 7/7
  2992 | D:5      | Found a staircase to the Ecumenical Temple.
  3012 | D:5      | XOM: potion effect (curing)
  3274 | D:5      | XOM: potion effect (might)
  3282 | D:5      | XOM: smoke on damage
  3293 | D:5      | Found a shimmering altar of Xom.
  3354 | D:5      | Reached skill level 2 in Staves
  3354 | D:5      | Reached XP level 8. HP: 23/58 MP: 8/8
  3490 | D:5      | XOM: give mutation
  3490 | D:5      | Lost mutation: You are resistant to electric shocks.
                  | (rElec) [Xom's mischief]
  3567 | D:5      | Noticed a shadow
  3570 | D:5      | Found a shadowy altar of Dithmenos.
  3571 | D:5      | Found a hazy altar of Hepliaklqana.
  3652 | D:5      | Found a runed translucent door.
  3676 | D:5      | Noticed hawla's ghost (novice MiFi)
  3890 | D:6      | Reached skill level 3 in Staves
  3955 | D:6      | Reached skill level 4 in Staves
  3971 | D:6      | Acquired 1028 gold pieces
  3981 | D:6      | Found Irigos's Antique Armour Shop.
  4006 | D:6      | XOM: silly message
  4028 | D:6      | Found a bloodstained altar of Trog.
  4043 | D:6      | XOM: potion effect (berserk rage)
  4049 | D:6      | XOM: divination: magic mapping
  4054 | D:7      | Noticed a komodo dragon
  4059 | D:7      | XOM: smoke on damage
  4107 | D:7      | Reached skill level 5 in Staves
  4267 | D:7      | Reached skill level 6 in Staves
  4622 | D:6      | Found a sparkling altar of Nemelex Xobeh.
  4639 | D:6      | Reached XP level 9. HP: 41/63 MP: 9/9
  4665 | D:6      | Reached skill level 7 in Staves
  4666 | D:6      | XOM: silly message
  4809 | D:6      | XOM: give mutations
  4809 | D:6      | Gained mutation: You are weak. (Str -2) [Xom's mischief]
  4809 | D:6      | Lost mutation: Your system is resistant to poisons. (rPois)
                  | [Xom's mischief]
  4884 | D:6      | XOM: polymorph orc warrior -> giant cockroach
  5082 | D:7      | XOM: snakes to sticks
  5085 | D:7      | Reached skill level 8 in Staves
  5121 | D:7      | XOM: torment (33/63 hp)
  5252 | D:7      | XOM: 8-stop teleportation journey
  5377 | D:7      | XOM: swap monsters
  5461 | D:7      | XOM: stat loss: -1 Str (10/11)
  5477 | D:7      | XOM: god gift: 2 stones
  5575 | D:7      | a komodo dragon changed into an ogre
  5575 | D:7      | XOM: polymorph komodo dragon -> ogre
  5581 | D:7      | Reached skill level 9 in Staves
  5844 | D:8      | Lost mutation: You are weak. (Str -2) [potion of mutation]
  5844 | D:8      | Lost mutation: You are somewhat resistant to further
                  | mutation. [potion of mutation]
  5844 | D:8      | Lost mutation: You are agile. (Dex +4, Str/Int -1) [potion
                  | of mutation]
  5844 | D:8      | Gained mutation: Your spells are a little harder to cast,
                  | but a little more powerful. [potion of mutation]
  5844 | D:8      | Gained mutation: You have hidden genetic potential. [potion
                  | of mutation]
  5855 | D:9      | Noticed a two-headed ogre
  5861 | D:8      | Found a blossoming altar of Fedhas.
  5921 | D:8      | XOM: god gift: potion of degeneration
  5955 | D:8      | XOM: 2-stop teleportation journey
  5958 | D:8      | a killer bee changed into a glowing shapeshifter
  5958 | D:8      | Noticed a glowing shapeshifter (glowing shapeshifter)
  5958 | D:8      | XOM: polymorph killer bee -> glowing shapeshifter
  5958 | D:8      | a glowing shapeshifter changed into an iguana
  5970 | D:7      | XOM: enchant monster (good)
  6070 | D:9      | XOM: butterfly on damage
  6110 | D:8      | XOM: 3-stop teleportation journey
  6193 | D:9      | XOM: cast spell 'Leda's Liquefaction'
  6256 | D:9      | Found a hide-covered altar of Uskayaw.
  6608 | D:9      | XOM: butterfly on damage
  6702 | D:8      | XOM: enchant monster (bad)
  6736 | D:9      | XOM: cloud trail
  6759 | D:9      | XOM: divine lightning
  6768 | D:9      | Reached skill level 10 in Staves
  6869 | D:10     | Entered Level 10 of the Dungeon
  6922 | D:10     | Noticed a komodo dragon
  6944 | D:9      | XOM: cleaving
  6999 | D:10     | XOM: butterfly on damage
  7007 | D:9      | XOM: polymorph orc wizard -> quokka
  7065 | D:9      | XOM: blink monster(s)
  7076 | D:9      | HP: 2/63 [yak (10)]
  7077 | D:9      | Slain by a yak

Illustrated notes

Levels and vault maps discovered:
D:1:      dpeg_arrival_rhombi, layout_loops_ring,
          dreamdust_ecumenical_altar_hidden_monk_grotto,
          minmay_worlds_worst_comb
D:2:      cheibrodos_pilgrimage, layout_basic
D:3:      layout_rooms
D:4:      layout_cave_pools, minmay_pentangle
D:5:      layout_cave_pods, riverfiend_overflow_shadow_ancestor,
          minmay_temple_entry_purple_smoke, ebering_ghost_inner_flame,
          serial_library_regret_index_multi, nicolae_specific_store,
          minmay_ruined_shrine
D:6:      layout_basic, mainiacjoe_overflow_cross_hatched, trog_butcher_becter,
          serial_shops, nicolae_shop_advertising_works
          [nicolae_subvault_shop_adworks]
D:7:      layout_loops_ring, chequers_hall_statues_wall_a, hex_medium
D:8:      layout_cave_pools, mainiacjoe_overflow_paths
D:9:      layout_irregular_city, nicolae_uskayaw_murder_on_the_dancefloor,
          erik_orc_2
D:10:     layout_cave_pools, vehumet_altar_wand_db,
          grunt_lair_entry_orc_guard_hut, uniq_erolcha, uniq_maggie,
          uniq_josephine, uniq_lodul

Skill      XL: |  1  2  3  4  5  6  7  8  9 |
---------------+----------------------------+-----
Stealth        | 1 2 4 5 6 7 9 |  9.2
Staves         | 2 6 10 | 10.5
Fighting       | |  3.0
Long Blades    | |  3.0
Armour         | |  2.0
Dodging        | |  1.0

Action                     |  1- 3 |  4- 6 |  7- 9 || total
---------------------------+-------+-------+-------++-------
  Melee: Falchion          |    95 |   192 |    69 ||   356
         Punch             |     1 |     3 |       ||     4
         Lajatang          |       |       |   310 ||   310
    Use: Scroll            |     2 |     9 |    10 ||    21
         Potion            |       |     5 |    19 ||    24
   Stab: Sleeping          |     2 |     9 |     9 ||    20
         Confused          |     1 |       |     1 ||     2
         Paralysed         |       |     2 |       ||     2
         Petrifying        |       |     2 |     1 ||     3
         Petrified         |       |       |     4 ||     4
         Distracted        |       |       |     2 ||     2
         Invisible         |       |       |     2 ||     2
 Armour: Leather armour    |    69 |   164 |   387 ||   620
  Dodge: Dodged            |    50 |   129 |   308 ||   487
